 Dungeon Sprint DCSS version 0.31-a0-43-g46d131a48f (webtiles) character file.

Game seed: 14109776898205435862

7068 bmack86 the Severer (level 10, -1/100 HPs)
             Began as a Minotaur Fighter on May 19, 2023.
             Was a High Priest of Okawaru.
             Slain by a yak (6 damage)
             ... while petrified by a catoblepas
             ... in the Dungeon (Sprint IX: "|||||||||||||||||||||||||||||").
             The game lasted 00:05:56 (1061 turns).

bmack86 the Severer (Minotaur Fighter)              Turns: 1061, Time: 00:05:56

Health: -1/100     AC: 15    Str: 29    XL:     10   Next: 83%
Magic:  14/15      EV:  2    Int:  5    God:    Okawaru [*****.]
Gold:   31         SH:  0    Dex:  9    Spells: 9/9 levels left

rFire   . . .        a - +0 war axe
rCold   . . .        c - +0 buckler
rNeg    + + +        o - +1 chain mail
rPois   ∞            (helmet restricted)
rElec   .            n - +0 cloak
rCorr   .            (no gloves)
SInv    .            (no boots)
Will    .....        (no amulet) Stlth
                     p - +3 ring of strength
HPRegen 0.36/turn    q - +2 ring of evasion
MPRegen 0.14/turn

%: no teleportation
@: petrified, finesse-ful
A: horns 2, retaliatory headbutt
a: Renounce Religion, Heroism, Finesse


You were in the Dungeon.
You worshipped Okawaru.
Okawaru was extremely pleased with you.
You visited 1 branch You collected 31 gold pieces.

Inventory:

Hand Weapons
 a - a +0 war axe (weapon)
 m - a +3 heavy war axe
Missiles
 b - 10 poisoned darts
 f - 3 silver boomerangs
Armour
 c - a +0 buckler (worn)
 n - a +0 cloak (worn)
 o - a +1 chain mail (worn)
Jewellery
 p - a +3 ring of strength (left hand)
 q - a +2 ring of evasion (right hand)
Wands
 l - a wand of acid (9) (quivered)
Scrolls
 j - 4 scrolls of blinking
 k - 2 scrolls of amnesia
 t - 3 scrolls of fear
Potions
 d - a potion of invisibility
 e - 5 potions of curing
 g - 2 potions of haste
 h - 4 potions of magic
 i - a potion of berserk rage
 r - a potion of might
 s - 3 potions of brilliance
Miscellaneous
 u - a piece from Xom's chessboard (15/15)


   Skills:
 + Level 12.6 Fighting
 * Level 16.8 Axes
 + Level 7.1 Throwing
 + Level 12.4 Armour
 + Level 12.3 Shields
 + Level 9.2 Invocations
 - Level 8.0 Evocations


You had 9 spell levels left.
You didn't know any spells.
Your spell library was empty.

Dungeon Overview and Level Annotations

Branches:
Dungeon (1/1)

Altars:
Cheibriados
Dithmenos
Elyvilon
Fedhas
Gozag
Hepliaklqana
Kikubaaqudgha
Makhleb
Nemelex Xobeh
Okawaru
Qazlal
Ru
Sif Muna
Trog
Uskayaw
Vehumet
Wu Jian
Xom
Yredelemnul
Zin
The Shining One
Jiyva
Lugonu


Innate Abilities, Weirdness & Mutations

You have a pair of horns on your head.
You reflexively headbutt those who attack you in melee.


Message History

You are engulfed in calcifying dust.
Your limbs have turned to stone.
You have turned to stone.
You are engulfed in calcifying dust.
The catoblepas barely misses you.
You are engulfed in calcifying dust.
The catoblepas gores you.
* * * LOW HITPOINT WARNING * * *
You are engulfed in calcifying dust.
The catoblepas gores you but does no damage.
You are engulfed in calcifying dust.
The catoblepas gores you!!
* * * LOW HITPOINT WARNING * * *
The catoblepas gores you but does no damage.
The catoblepas barely misses you.
The yak is no longer petrified.
The catoblepas gores you!
* * * LOW HITPOINT WARNING * * *
The catoblepas breathes a plume of calcifying dust at you.
The blast of calcifying dust hits you but does no damage.
You turn to flesh and can move again.
You hit the catoblepas.
The catoblepas is almost dead.
You are engulfed in calcifying dust.
You are slowing down.
The catoblepas closely misses you. You furiously retaliate!
You headbutt the catoblepas.
You hit the catoblepas but do no damage.
You headbutt the catoblepas!
You kill the catoblepas!
Okawaru is honoured by your kill.
You are engulfed in calcifying dust.
Your limbs have turned to stone.
You have turned to stone.
Your base Throwing skill increases to level 7!
You are engulfed in calcifying dust.
You are engulfed in calcifying dust.
The yak barely misses you.
You are engulfed in calcifying dust.
The yak gores you but does no damage.
You are engulfed in calcifying dust.
You feel like a meek peon again. The yak gores you but does no damage.
You are engulfed in calcifying dust.
The yak gores you.
* * * LOW HITPOINT WARNING * * *
The yak gores you but does no damage. The yak gores you!
You die...

▓▓▓▓▓▓▓▓▓▓▓▓▓▓▓▓▓▓▓▓▓▓▓▓▓▓
......)†........@Y........
▓▓▓▓▓▓▓▓▓▓▓▓▓▓▓▓▓▓▓▓▓▓▓▓▓▓▓▓▓▓▓▓▓
.................)...............
▓▓▓▓▓▓▓▓▓▓▓▓▓▓▓▓▓▓▓▓▓▓▓▓▓▓▓▓▓▓▓▓▓
..'________________________'..)..
▓▓▓▓▓▓▓▓▓▓▓▓▓▓▓▓▓▓▓▓▓▓▓▓▓▓▓▓▓▓▓▓▓


You could see a yak.

Vanquished Creatures
  A centaur warrior (D)
  A catoblepas (D)
  A boulder beetle (D)
  A skeletal warrior (D)
  A cyclops (D)
  A manticore (D)
  A black mamba (D)
  An elephant (D)
  A cane toad (D)
  Joseph (D)
  An efreet (D)
  3 komodo dragons (D)
  A troll (D)
  2 blink frogs (D)
  A wraith (D)
  A wyvern (D)
  3 yaks (D)
  A basilisk (D)
  3 water moccasins (D)
  2 kobold brigands (D)
  2 bullfrogs (D)
  3 hounds (D)
  An orc (D)
  A ball python (D)
  2 endoplasms (D)
  A jackal (D)
  A kobold (D)
  A rat (D)
40 creatures vanquished.

Notes
Turn   | Place    | Note
-------+----------+-------------------------------------------
     0 | D        | bmack86 the Minotaur Fighter began the quest for the Orb.
     0 | D        | Reached XP level 1. HP: 19/19 MP: 0/0
     5 | D        | Reached skill level 3 in Axes
    63 | D        | Noticed a hound
    63 | D        | Noticed a hound
    63 | D        | Noticed a hound
    68 | D        | Killed a hound
    69 | D        | Reached skill level 5 in Fighting
    69 | D        | Reached skill level 5 in Axes
    69 | D        | Reached skill level 5 in Armour
    69 | D        | Reached skill level 5 in Shields
    69 | D        | Reached XP level 2. HP: 20/29 MP: 1/1
    69 | D        | Reached XP level 3. HP: 25/36 MP: 2/2
    71 | D        | Reached skill level 6 in Axes
    72 | D        | Reached XP level 4. HP: 30/42 MP: 3/3
    75 | D        | Reached skill level 7 in Axes
    82 | D        | Found a snail-covered altar of Cheibriados.
    82 | D        | Found a shadowy altar of Dithmenos.
    82 | D        | Found a white marble altar of Elyvilon.
    82 | D        | Found a blossoming altar of Fedhas.
    82 | D        | Found an opulent altar of Gozag.
    83 | D        | Found a hazy altar of Hepliaklqana.
    84 | D        | Found a viscous altar of Jiyva.
    85 | D        | Found an ancient bone altar of Kikubaaqudgha.
    86 | D        | Found a corrupted altar of Lugonu.
    87 | D        | Found a burning altar of Makhleb.
    88 | D        | Found a sparkling altar of Nemelex Xobeh.
    89 | D        | Found an iron altar of Okawaru.
    90 | D        | Found a stormy altar of Qazlal.
    91 | D        | Found a sacrificial altar of Ru.
    92 | D        | Found a shimmering blue altar of Sif Muna.
    93 | D        | Found a bloodstained altar of Trog.
    94 | D        | Found a hide-covered altar of Uskayaw.
    95 | D        | Found a radiant altar of Vehumet.
    96 | D        | Found an ornate altar of the Wu Jian Council.
    97 | D        | Became a worshipper of Warmaster Okawaru
    98 | D        | Found a shimmering altar of Xom.
    99 | D        | Found a basalt altar of Yredelemnul.
   100 | D        | Found a glowing silver altar of Zin.
   101 | D        | Found a glowing golden altar of the Shining One.
   144 | D        | Noticed a kobold brigand
   144 | D        | Noticed a wyvern
   144 | D        | Noticed a wraith
   144 | D        | Noticed a yak
   144 | D        | Noticed a kobold brigand
   144 | D        | Noticed a troll
   149 | D        | Killed a kobold brigand
   150 | D        | Reached skill level 8 in Axes
   150 | D        | Reached skill level 1 in Invocations
   150 | D        | Reached skill level 1 in Evocations
   150 | D        | Reached XP level 5. HP: 42/51 MP: 3/5
   152 | D        | Killed a wyvern
   153 | D        | Reached skill level 9 in Axes
   153 | D        | Reached XP level 6. HP: 34/60 MP: 3/7
   160 | D        | Killed a wraith
   161 | D        | Reached skill level 10 in Axes
   174 | D        | Killed a yak
   174 | D        | Reached * piety under Okawaru
   175 | D        | Reached XP level 7. HP: 47/69 MP: 6/9
   178 | D        | Reached skill level 11 in Axes
   178 | D        | Reached skill level 5 in Invocations
   187 | D        | Killed a troll
   187 | D        | Reached ** piety under Okawaru
   363 | D        | Noticed a boulder beetle
   363 | D        | Noticed a centaur warrior
   363 | D        | Noticed a cyclops
   363 | D        | Noticed a skeletal warrior
   363 | D        | Noticed an efreet
   363 | D        | Noticed a manticore
   375 | D        | Killed a boulder beetle
   375 | D        | Reached *** piety under Okawaru
   376 | D        | Reached skill level 12 in Axes
   376 | D        | Reached skill level 5 in Evocations
   376 | D        | Reached XP level 8. HP: 62/79 MP: 9/11
   380 | D        | Killed a centaur warrior
   380 | D        | Reached **** piety under Okawaru
   381 | D        | Reached skill level 10 in Fighting
   381 | D        | Reached skill level 13 in Axes
   381 | D        | Reached skill level 10 in Armour
   381 | D        | Reached skill level 10 in Shields
   381 | D        | Reached XP level 9. HP: 61/86 MP: 9/13
   384 | D        | Killed a cyclops
   397 | D        | Killed a skeletal warrior
   397 | D        | Received a gift from Okawaru
   398 | D        | Reached skill level 14 in Axes
   406 | D        | Killed an efreet
   407 | D        | Reached skill level 5 in Throwing
   407 | D        | HP: 2/89 [manticore (9)]
   408 | D        | Killed a manticore
   408 | D        | Reached ***** piety under Okawaru
   706 | D        | Noticed Joseph
   718 | D        | Killed Joseph
   842 | D        | Noticed a cane toad
   847 | D        | Noticed a black mamba
   850 | D        | Reached skill level 15 in Axes
   850 | D        | Reached XP level 10. HP: 83/96 MP: 13/15
   854 | D        | Killed a cane toad
   864 | D        | Received a gift from Okawaru
   873 | D        | Killed a black mamba
   988 | D        | Noticed an elephant
  1006 | D        | Noticed a catoblepas
  1007 | D        | Reached skill level 16 in Axes
  1038 | D        | Killed an elephant
  1054 | D        | Killed a catoblepas
  1059 | D        | HP: 4/100 [yak (3)]
  1061 | D        | Slain by a yak

Illustrated notes

Levels and vault maps discovered:
D:        linesprint [early_d, line_temple, items_1, d_10, items_2, lair_1,
          lair_end, items_3, orc_1, orc_end, items_4, d_15, swamp_1, shoals_1,
          snake_1, spider_1, d_20, vaults_1, items_5, swamp_end, shoals_end,
          snake_end, spider_end, vaults_end, d_27, items_6, zot_1, zot_end,
          crypt_end, forest_end, elf_end, slime_end, tomb_end, abyss_end,
          pan_hell_end]

Skill      XL: |  1  2  3  4  5  6  7  8  9 10 |
---------------+-------------------------------+-----
Axes           | 5 6 8 9 10 12 13 15 16 | 16.8
Fighting       | 5 6 7 8 9 10 11 12 | 12.6
Armour         | 5 6 7 8 9 10 11 12 | 12.4
Shields        | 5 6 7 8 9 10 11 12 | 12.3
Invocations    | 1 3 4 6 8 9 |  9.2
Evocations     | 1 3 4 5 6 7 8 |  8.0
Throwing       | 2 3 5 7 |  7.1

Action                     |  1- 3 |  4- 6 |  7- 9 | 10-12 || total
---------------------------+-------+-------+-------+-------++-------
  Melee: War axe           |    17 |    30 |    66 |    76 ||   189
         Headbutt          |     3 |     5 |    16 |    13 ||    37
 Invoke: Heroism           |       |       |     2 |     1 ||     3
         Finesse           |       |       |     1 |     1 ||     2
  Evoke: Wand              |       |     1 |       |       ||     1
    Use: Potion            |     1 |     3 |       |       ||     4
   Stab: Petrified         |       |       |       |     2 ||     2
 Armour: Scale mail        |     6 |     1 |       |       ||     7
         Chain mail        |       |     6 |    23 |    24 ||    53
  Dodge: Dodged            |     8 |    13 |    24 |    17 ||    62
  Block: Buckler           |     3 |     9 |    12 |    10 ||    34

Table legend: (Time is in decaauts)
 A = Elapsed time spent in this place.
 B = Non-inter-level travel time spent in this place.
 C = Inter-level travel time spent in this place.
 D = Time resting spent in this place.
 E = Time spent auto-exploring this place.
 F = Levels seen in this place.
 G = Mean time per level.
                   A        B        C        D        E       F      G
               +--------+--------+--------+--------+--------+-----+--------+
         Total |   1028 |   1028 |      0 |    591 |      0 |   1 | 1028.0 |
       Dungeon |   1028 |   1028 |      0 |    591 |      0 |   1 | 1028.0 |
               +--------+--------+--------+--------+--------+-----+--------+

Top non-repeatable levels by time:
       D: 1028 daAuts
